Cogmind - Beta 14 @@@ ROGUE MODE // 2024.10.24 @ 11:55:30 Player: AppleSource Result: Destroyed by D-53 Grenadier with Mini Grenade Launcher Performance ------------- Evolutions (0) 0 Regions Visited (2) 400 Robots Destroyed (19) 95 Value Destroyed (373) 373 Prototype IDs (0) 0 Alien Tech Used (0) 0 Bonus (0) 0 TOTAL SCORE: 868 Bonus ------- None Cogmind --------- Core Integrity 0/250 Matter 236/300 Energy 100/100 System Corruption 0% Temperature Cool (0) Movement Core (1350) Ox26 Location -10/Mines Parts ------- > --- POWER (1) -------- (None) > --- PROPULSION (2) --- (None) > --- UTILITY (2) ------ Huge Storage Unit > --- WEAPON (2) ------- (None) > --- INVENTORY (25) --- Light Treads Medium Laser Assault Rifle Light Assault Rifle Slug Cannon Grenade Launcher Peak State ------------ > --- POWER ------------ Ion Engine > --- PROPULSION ------- Light Treads Light Treads > --- UTILITY ---------- Small Storage Unit Huge Storage Unit > --- WEAPON ----------- Assault Rifle Light Assault Rifle > --- INVENTORY -------- Light Ion Engine Light Treads Medium Laser [Rating: 7] Favorites ----------- Power Ion Engine Engine Ion Engine Propulsion Light Treads Treads Light Treads Utility Huge Storage Unit Storage Huge Storage Unit Weapon Light Assault Rifle Energy Gun Medium Laser Ballistic Gun Light Assault Rifle Launcher Grenade Launcher Build | -11 -10 -10 ------- Run | Yrd Mat Min Slots Evolved . | . . . Power . | . . . Propulsion . | . . . Utility . | . . . Weapon . | . . . Parts Attached 13 | 6 2 5 Power 2 | 1 . 1 Engine 2 | 1 . 1 Core . | . . . Reactor . | . . . Propulsion 3 | 2 . 1 Treads 3 | 2 . 1 Leg . | . . . Wheel . | . . . Hover . | . . . Flight . | . . . Utility 2 | 1 1 . Device . | . . . Storage 2 | 1 1 . Processor . | . . . Hackware . | . . . Protection . | . . . Artifact . | . . . Weapon 6 | 2 1 3 Energy Gun 1 | 1 . . Energy Cannon . | . . . Ballistic Gun 3 | 1 1 1 Ballistic Cannon . | . . . Launcher 2 | . . 2 Special Weapon . | . . . Impact Weapon . | . . . Slashing Weapon . | . . . Piercing Weapon . | . . . Special Melee Weapon . | . . . Unidentified Prototypes . | . . . Parts Lost 7 | . . 7 Power 2 | . . 2 Propulsion 3 | . . 3 Utility . | . . . Weapon 2 | . . 2 Highest Loss Streak 4 | . . 4 To Critical Strikes 1 | . . 1 Average Slot Usage (%) 84 | . 85 83 Engine 13 | . 14 13 Treads 27 | . 28 27 Storage 14 | . 14 14 Energy Gun 1 | . 2 . Ballistic Gun 26 | . 25 26 Peak Build Rating 7 | 6 7 7 Average Rating 5 | 4 6 6 On Entrance 4 | . 6 6 Naked Turns . | . . . Heaviest Build 90 | 13 88 90 Greatest Support 40 | 40 40 40 Greatest Overweight (x) 26 | 1 2 26 Average Overweight (x) 1 | . 1 2 Largest Inventory Capacity 25 | 8 25 25 Average Capacity 22 | 6 21 25 Most Carried 8 | 1 7 8 Average Carried 4 | . 4 4 Final Capacity 25 | 8 25 25 Final Carried 7 | 1 7 6 Class Distribution -------------------- 100% | Mutant Dominant Class ---------------- Mutant | -10/Materials Mutant | -10/Mines Resources | -11 -10 -10 ----------- Run | Yrd Mat Min Matter Collected 441 | 140 217 84 Remotely . | . . . Salvage Created 471 | . 301 170 Parts 45 | . 24 21 Haulers Intercepted 1 | . 1 . Recyclers Shooed 1 | . 1 . Parts Field Recycled . | . . . Retrieved Matter . | . . . Parts Self-Destructed . | . . . Prevented . | . . . Kills | -11 -10 -10 ------- Run | Yrd Mat Min Combat Hostiles Destroyed 21 | . 8 13 Guns 13 | . 8 5 AOE 8 | . . 8 Classes Destroyed 6 | . 4 2 Worker 1 | . . 1 Hauler 1 | . 1 . Watcher 1 | . 1 . Swarmer 9 | . 3 6 Grunt 7 | . 5 2 Assembled 5 | . . 5 Best Kill Streak 9 | . 3 9 Combat Bots Only 8 | . 3 8 Max Kills in Single Turn 4 | . 1 4 Gunslinging . | . . . Exploded 3 | . . 3 Melee . | . . . Uniques/NPCs Destroyed . | . . . Combat | -11 -10 -10 -------- Run | Yrd Mat Min Hostile Shots Fired 123 | . 31 92 Missed 29 | . 7 22 Damage Taken 1283 | . 246 1037 Core 286 | . 22 264 Absorbed by Shields . | . . . Core Remaining (%) 100 | 100 . . Volleys Fired 51 | . 30 21 Largest 2 | . 2 2 Hottest 70 | . 70 63 Shots Fired 100 | . 60 40 Gun 94 | . 60 34 Cannon . | . . . Launcher 6 | . . 6 Special . | . . . Kinetic 84 | . 50 34 Thermal 10 | . 10 . Explosive 6 | . . 6 Electromagnetic . | . . . Robot Hit Streak 7 | . 7 5 Robot Miss Streak 4 | . 3 4 Penetration Max . | . . . Secondary Targets 2 | . . 2 Max Gunslinging Chain 1 | . . 1 Shots Hit Robots 59 | . 39 20 Core Hits 43 | . 19 24 Critical Kills . | . . . Critical Parts Destroyed . | . . . Critical Strikes . | . . . Melee Attacks . | . . . Impact . | . . . Slashing . | . . . Piercing . | . . . Sneak Attacks . | . . . Combat Hostiles . | . . . Follow-up Attacks . | . . . Damage Inflicted 1095 | . 422 673 Guns 579 | . 415 164 Cannons . | . . . Explosions 508 | . . 508 Melee . | . . . Ramming 8 | . 7 1 Kinetic 492 | . 328 164 Thermal 87 | . 87 . Explosive 508 | . . 508 Electromagnetic . | . . . Impact . | . . . Slashing . | . . . Piercing . | . . . Highest Corruption . | . . . Average Corruption . | . . . Corruption Purged . | . . . Corruption Blocked . | . . . Overload Shots . | . . . Overflow Damage . | . . . Projectiles . | . . . Explosions . | . . . Melee . | . . . Knockbacks . | . . . Impact . | . . . Kinetic . | . . . Secondary . | . . . Self-Inflicted Damage . | . . . Shots . | . . . Rammed 5 | . 4 1 Targets Rammed 5 | . 4 1 Kicked . | . . . Crushed . | . . . Highest Temperature 124 | . 124 30 Average Temperature 38 | . 51 9 Received Heat Transfer 233 | . 99 134 Siege Activations . | . . . Robots Corrupted . | . . . Combat Hostiles . | . . . Parts Fried . | . . . Impact Corruptions . | . . . Robots Melted . | . . . Combat Hostiles . | . . . Parts Melted 1 | . 1 . Heat Transferred 259 | . 259 . Parts Sabotaged . | . . . Parts Stolen . | . . . Parts Stripped . | . . . Power Chain Reactions . | . . . Alert | -11 -10 -10 ------- Run | Yrd Mat Min Peak Influence 127 | . 127 100 Initial . | . . . Average 32 | . 35 30 Maximum Alert Level . | . . . Low Security (%) 100 | 100 100 100 Level 1 . | . . . Level 2 . | . . . Level 3 . | . . . Level 4 . | . . . Level 5 . | . . . High Security . | . . . Max Security . | . . . Squads Dispatched 1 | . 1 . Investigation . | . . . Extermination . | . . . Reinforcement 1 | . 1 . Assault . | . . . Garrison . | . . . Intercept . | . . . Searches Triggered . | . . . Construction Impeded . | . . . Haulers Reinforced . | . . . Active Scanning Responses . | . . . Cargo Convoy Interrupts . | . . . Stealth | -11 -10 -10 --------- Run | Yrd Mat Min Distress Signals 3 | . 3 . Communications Jammed . | . . . Distress Signals . | . . . Times Spotted 40 | . 23 17 Peak Tracking Total 10 | . 4 10 Tactical Retreats 1 | . 1 . Traps | -11 -10 -10 ------- Run | Yrd Mat Min Traps Triggered . | . . . Indirectly . | . . . Trap Hack Attempts . | . . . Triggered . | . . . Disarmed . | . . . Reprogrammed . | . . . Reused . | . . . Traps Extracted . | . . . Installed . | . . . Triggered . | . . . Machines | -11 -10 -10 ---------- Run | Yrd Mat Min Machines Disabled . | . . . Max in Single Turn . | . . . Machines Repaired . | . . . Machines Dismantled . | . . . Machines Sabotaged . | . . . Overloaded Fab Kills . | . . . Hacking | -11 -10 -10 --------- Run | Yrd Mat Min Machines Accessed 2 | . 2 . Terminals 2 | . 2 . Fabricators . | . . . Repair Stations . | . . . Recycling Units . | . . . Scanalyzers . | . . . Garrison Access . | . . . Total Hacks 3 | . 3 . Successful 1 | . 1 . Failed 2 | . 2 . Catastrophic . | . . . Database Lockouts . | . . . Manual . | . . . Terminals 3 | . 3 . Fabricators . | . . . Repair Stations . | . . . Recycling Units . | . . . Scanalyzers . | . . . Garrison Access . | . . . Terminal Hacks 1 | . 1 . Hauler Manifests 1 | . 1 . Fabricator Hacks . | . . . Repair Station Hacks . | . . . Recycling Unit Hacks . | . . . Scanalyzer . | . . . Garrison Access Hacks . | . . . Unauthorized Hacks . | . . . Terminals . | . . . Fabricators . | . . . Repair Stations . | . . . Recycling Units . | . . . Scanalyzers . | . . . Garrison Access . | . . . Data Cores Recovered . | . . . Used . | . . . Hacking Detections 1 | . 1 . Full Trace Events . | . . . Feedback Events . | . . . Feedback Blocked . | . . . Robot Schematics Acquired . | . . . Robots Built . | . . . Authchips . | . . . Time . | . . . Total Robot Build Rating . | . . . Part Schematics Acquired . | . . . Parts Built . | . . . Authchips . | . . . Time . | . . . Total Part Build Rating . | . . . Parts Repaired . | . . . Time . | . . . Parts Recycled . | . . . Recycled Matter . | . . . Retrieved Matter . | . . . Retrieved Components . | . . . Parts Scanalyzed . | . . . Part Schematics Acquired . | . . . Parts Damaged . | . . . Bothacking | -11 -10 -10 ------------ Run | Yrd Mat Min Used RIF Installer . | . . . Robots Hacked . | . . . Non-combat . | . . . Combat . | . . . Robot Hacks Applied . | . . . Relay Couplers Released . | . . . Fabnet Peak Effective % . | . . . Robots Rewired . | . . . Allies Hacked . | . . . Hacks Repelled . | . . . Allies | -11 -10 -10 -------- Run | Yrd Mat Min Total Allies . | . . . Largest Group . | . . . Highest-Rated Group . | . . . Highest-Rated Ally . | . . . Total Orders . | . . . Ally Attacks . | . . . Total Damage . | . . . Kills . | . . . Allies Corrupted . | . . . Allies Melted . | . . . Intel | -11 -10 -10 ------- Run | Yrd Mat Min Robot Analysis Total . | . . . Derelict Logs Recovered 1 | . . 1 Drone Launches . | . . . Drone Recoveries . | . . . Exploration | -11 -10 -10 ------------- Run | Yrd Mat Min Turns Passed 2854 | 82 1774 998 Spaces Moved 944 | 51 615 278 Core 12 | 11 . 1 Treads 932 | 40 615 277 Legs . | . . . Wheels . | . . . Hover . | . . . Flight . | . . . Fastest Speed 50 | 50 160 320 Average Speed 279 | 144 269 327 Slowest Speed 1350 | 160 320 1350 Overloaded Moves . | . . . Propulsion Burnouts . | . . . Robots Hopped . | . . . Cave-ins Triggered . | . . . Exploration Rate (%) 43 | 6 76 47 Regions Visited 2 Branch Regions 1 Pre-discovered Areas . | . . . Known Exits Taken . | . . . Unknown Exits Taken 2 | 1 1 . Scrap Searched . | . . . Spaces Dug . | . . . Terrain Destroyed 46 | . . 46 Melee . | . . . Projectile . | . . . AOE 46 | . . 46 Terrain Rammed . | . . . Walls Destroyed . | . . . Machines Disabled . | . . . Actions | -11 -10 -10 --------- Run | Yrd Mat Min Total 1075 | 57 677 341 Wait 51 | . 19 32 Move 942 | 50 614 278 Hop . | . . . Pick Up 8 | 1 5 2 Fast Attach 8 | 6 2 . Attach 5 | . . 5 Detach 4 | . 2 2 Swap . | . . . Drop 1 | . 1 . Fire 51 | . 30 21 Melee . | . . . Ram . | . . . Kick . | . . . Crush 5 | . 4 1 Escape Stasis . | . . . Rewire . | . . . Trap . | . . . Miscellaneous . | . . . Route ------- -11/Scrapyard -10/Materials (discovered 4 exits: [*Mat x2] / [*Min x2]) -10/Mines (discovered 3 exits: [*Mat] / [*Exi] / [*Sub]) History --------- Turn | Location | Event 11 | -11/Scrapyard | Discovered new exit (range 15) 83 | -11/Scrapyard | Entered Materials 312 | -10/Materials | Build established: Mutant 323 | -10/Materials | Discovered new exit (range 12) 457 | -10/Materials | Discovered new exit (range 10) 923 | -10/Materials | Discovered new exit (range 5) 1130 | -10/Materials | Discovered new exit (range 10) 1857 | -10/Materials | Entered Mines 2051 | -10/Mines | Discovered new exit (range 10) 2307 | -10/Mines | Discovered new exit (range 6) 2426 | -10/Mines | Learned Materials security intel 2461 | -10/Mines | Received a Rocket Launcher from a helpful Derelict 2504 | -10/Mines | Deemed a non-threat by the Exiles lab entrance 2504 | -10/Mines | Discovered new exit (range 5) 2658 | -10/Mines | A weapon hastily lodged in a ceiling crevice suddenly fell to the ground 2801 | -10/Mines | Assembled infested the area 2828 | -10/Mines | Core integrity fell below 50% 2853 | -10/Mines | Core integrity fell below 20% 2854 | -10/Mines | Destroyed 8 combat bots 2855 | -10/Mines | Destroyed by D-53 Grenadier with Mini Grenade Launcher Last Messages --------------- K-01 Serf collects debris. U-05 Engineer system corrupted by crushing effect. U-05 Engineer knocked back. U-05 Engineer destroyed. D-53 Grenadier unfolds itself. K-01 Serf collects debris. U-05 Engineer system corrupted by crushing effect. U-05 Engineer system terminally corrupted. as-02392 destroyed. as-09302 destroyed. as-17345 destroyed. K-01 Serf collects debris. The unstable cave ceiling collapses. as-26824 destroyed. Lgt. Treads destroyed. Grenade Launcher destroyed. K-01 Serf destroyed. R-06 Scavenger destroyed. Map ----- +----------------------------------------------------+ | ######### ## ##??????# #?????????????? | | #####???????# ##?????????????? | | ####### #???????????# ### ##??????????????? | | ##?????# #???????????# #?## ##???????????????? | | #??##### ##??????????# #??######????????????????? | | #?## ## %##?????????# ####?????????????????????? | | ### #?????????# #?????????????????????? | | #?????????### #?????????????????????? | | ##???????????# #?????????????????????? | | ### ####????????????# #?????????????????????? | | #?####???????????????# #??????? ????????????? | | #????????????????????# #?????? ???????????? | | ##????????????????????# #????? ??????????? | | ##?########???????????# #???? ??????????? | | ## #???????????# #???# #?????????? | | #???????????# #??# #??????????? | | ####?????????????## ### #???????????? | | #???????????????## #???????????????? | | ##???????????????# ##???????????????? | | ##???????????????# = ##????????????????? | | % #???????????????# !=% ##????????????????? | | #???????????????# **=* ###??????????????? | | ##??????????????## =%=[[ ??????????????? | | ##???????????????# [=! # ???????????? | | ##??????????????### !=% ## ??????????? | | #??????????????# @ #?# ##??????????? | | #????????????### ##?####???????????? | | ## #????????#% ##???????????????? | | ?# #????????# d #???????????????? | | ?# #????????# d #???????????????? | | ## #????????## #???????????????? | | #?????????## ##???????????????? | | #??????????## # ###????????????????? | | ###???????????#?## ##??????????????????? | | ###????????????????# #???????????????????? | | ???????????????????# #???????????????????? | | ???????????????????# ??????????????????? | | ???????????????????# ?????????????????? | | ???????????????????# ????????????????? | | ??????????????????? ???????????????? | | ?????????????????? ??????????????? | | ????????????????? # ?????????????? | | ????????????????#### # ????????????? | | ???????????????????# ?# ????????????? | | ???????????????????? ??# ??????????????? | | ?????????????????????? ???### ????????????????? | | ??????????????????????#??????????????????????????? | | ?????????????????????????????????????????????????? | | ?????????????????????????????????????????????????? | | ?????????????????????????????????????????????????? | +----------------------------------------------------+ Best States ------------- Heat Dissipation 25 Energy Generation 10 Energy Capacity 250 Matter Stores 300 Matter Capacity 300 Sight Range 16 Terrain Scan Density 10 Evasion (%) 40 Recoil Reduction 2 Item Schematics ----------------- None Robot Schematics ------------------ None Fabricated ------------ Nothing Alien Tech Used ----------------- None Achievements -------------- None Challenges ------------ None Game ------ Seed DecoderDecoderUnit Manual? 0 Play Time 00:12:34 Cumulative 22.3 hours Start 2024.10.24 @ 11:44:24 End 2024.10.24 @ 11:55:30 Sessions 1 Manual Loads 0 Difficulty Rogue Special Mode None Game No. 35 Rogue 23 Adventurer 12 Explorer 0 Win Type - Total 0 Types 0/0/0/0/0/0/0/0/0 Lore% 8 Gallery% 18 Achievement% 16 Wizard Run 0 Options --------- Layout 1 ASCII 0 Keyboard 1 Movement Numpad Keybinds 0 Fullscreen 2 Font 32/SmallcapsGlow Map View 50x35 Zoom Use 0% Tactical HUD 0 Map Filters NONE Filters NONE Steam 1 RUN: ae0307a4-c211-4ec4-954f-b6645ebcc077